 Dungeon Crawl Stone Soup version 0.29.1-13-g9f3cf754e1 (webtiles) character file.

Game seed: 17981424554957018901

359 hbarley the Chopper (level 6, -5/53 HPs)
             Began as a Hill Orc Fighter on Jan 31, 2023.
             Slain by Sigmund
             ... wielding a +5 scythe of flaming
              (6 damage)
             ... on level 4 of the Dungeon.
             The game lasted 00:10:28 (3716 turns).

hbarley the Chopper (Hill Orc Fighter)              Turns: 3716, Time: 00:10:29

Health: -5/53      AC:  9    Str: 19    XL:     6   Next: 65%
Magic:  0/6        EV: 10    Int:  8    God:
Gold:   197        SH:  5    Dex: 12    Spells: 5/5 levels left

rFire   . . .      SeeInvis .   a - +0 war axe
rCold   . . .      Faith    .   c - +0 buckler
rNeg    + . .      Spirit   +   x - +3 ring mail
rPois   .          Reflect  .   (no helmet)
rElec   .          Harm     .   (no cloak)
rCorr   .          Rampage  .   (no gloves)
Will    .....                   (no boots)
Stlth   +.........              j - amulet of guardian spirit
HPRegen 0.17/turn               n - ring of positive energy
MPRegen 0.10/turn               (no ring)

@: no status effects
A: no striking features
a: no special abilities


You were on level 4 of the Dungeon.
You visited 1 branch of the dungeon, and saw 4 of its levels.

You collected 197 gold pieces.

Inventory:

Hand Weapons
 a - a +0 war axe (weapon)
Armour
 b - a +0 scale mail
 c - a +0 buckler (worn)
 w - a +0 plate armour
 x - a +3 ring mail (worn)
Jewellery
 j - an amulet of guardian spirit (around neck)
 n - a ring of positive energy (left hand)
Wands
 y - a wand of roots (6)
Scrolls
 f - 2 scrolls of enchant armour {unknown}
 h - 2 scrolls of poison {unknown}
 i - a scroll of fog {unknown}
 l - a scroll of blinking {unknown}
 p - 2 scrolls of identify {unknown}
 q - a scroll of noise {unknown}
 r - a scroll of brand weapon {unknown}
 t - a scroll of vulnerability {unknown}
 u - a scroll of teleportation {unknown}
Potions
 d - a potion of might
 e - 3 potions of heal wounds {unknown}
 g - 3 potions of curing {unknown}
 k - 2 potions of invisibility {unknown}
 m - a potion of lignification {unknown}
 o - a potion of degeneration {unknown}
 s - 2 potions of brilliance {unknown}
 v - a potion of cancellation {unknown}


   Skills:
 + Level 4.6 Fighting
 + Level 5.8 Axes
 + Level 5.2 Armour
 + Level 1.0 Dodging
 + Level 0.2 Stealth
 + Level 4.0 Shields


You had 5 spell levels left.
You didn't know any spells.
Your spell library contained the following spells:

 Spells                   Type           Power      Damage    Failure   Level
 Animate Armour           Summ/Erth      0%         N/A       100%        4
 Blade Hands              Tmut           0%         N/A       100%        5
 Conjure Ball Lightning   Conj/Air       0%         3x3d6     100%        6
 Iron Shot                Conj/Erth      0%         9d1       100%        6
 Discord                  Hex            0%         N/A       100%        8
 Disjunction              Tloc           0%         N/A       100%        8


Dungeon Overview and Level Annotations

Branches:
Dungeon (4/15)
 Temple: D:4-7

Altars:

Shops:
D:2 (

Annotations:
D:4 Dowan, Grinder, Sigmund


Message History

Your ring of positive energy unmelds from your body.
There is a stone staircase leading down here.
You climb downwards.
Level annotation: Dowan, Grinder, Sigmund
There is a stone staircase leading up, spattered with blood here.
Sigmund points at you and mumbles some strange words.
The puff of flame hits you.
You climb upwards.
There is a stone staircase leading down here.
You start resting.
HP restored.
You climb downwards.
Level annotation: Dowan, Grinder, Sigmund
There is a stone staircase leading up, spattered with blood here.
You open the door.
There is an open door here.
Found 6 stones.
Sigmund is nearby!
Sigmund casts a spell.
Sigmund flickers and vanishes!
Deactivating autopickup; reactivate with Ctrl-A.
Something hits you. Something burns you.
You miss something. Something hits you. Something burns you.
You closely miss something. You hit something. Something hits you!
Something burns you.
You hit something but do no damage. Something hits you. Something burns you.
You miss something. Something hits you but does no damage.
You barely miss something. You block something's attack.
You hit something but do no damage. You slash something! Something hits you!
Something burns you.
You barely miss something. Something hits you!
* * * LOW HITPOINT WARNING * * *
Something burns you.
* * * LOW HITPOINT WARNING * * *
You slash something! Something hits you!
* * * LOW HITPOINT WARNING * * *
Something burns you.
* * * LOW HITPOINT WARNING * * *
You barely miss something. Something hits you.
You die...

#..........
#.........#
###.........#
#.....######
+.....#....#
#.....#....#
#.)...'....#
#.....####+###
###..@.......#
#..{.......#
#..........#
#..........#
#..<.......#
#...[......#
#..........#
#..........#
#####..........#


There were no monsters in sight!

Vanquished Creatures
  Menkaure (D:3)
  Duvessa (D:4)
  Jessica (D:3)
  4 adders
  2 dart slugs
  8 orcs
  5 ball pythons
  5 bats
  4 endoplasms
  4 giant cockroaches
  6 goblins
  7 hobgoblins
  2 quokkas
  3 frilled lizards
  9 kobolds
  7 rats
69 creatures vanquished.

Vanquished Creatures (others)
  3 fungi (D:2)
3 creatures vanquished.

Grand Total: 72 creatures vanquished

Notes
Turn   | Place    | Note
-------+----------+-------------------------------------------
     0 | D:1      | hbarley the Hill Orc Fighter began the quest for the Orb.
     0 | D:1      | Reached XP level 1. HP: 19/19 MP: 1/1
   154 | D:1      | Reached XP level 2. HP: 27/27 MP: 2/2
   713 | D:2      | Found Casugem's Weapon Shop.
   779 | D:2      | Reached XP level 3. HP: 32/33 MP: 3/3
   806 | D:2      | HP: 1/33 [poisoned by an adder]
  1466 | D:2      | Reached XP level 4. HP: 40/40 MP: 4/4
  1768 | D:2      | Found a faded altar of an unknown god.
  2538 | D:3      | Noticed Jessica
  2560 | D:3      | Killed Jessica
  2561 | D:3      | Reached XP level 5. HP: 25/46 MP: 3/5
  3097 | D:4      | Noticed Sigmund
  3240 | D:4      | Noticed Grinder
  3240 | D:4      | Noticed Menkaure
  3256 | D:4      | Noticed Duvessa
  3259 | D:4      | Noticed Dowan
  3321 | D:3      | Killed Menkaure
  3322 | D:3      | Reached skill level 5 in Axes
  3322 | D:3      | Reached skill level 5 in Armour
  3322 | D:3      | Reached XP level 6. HP: 18/53 MP: 2/6
  3531 | D:4      | Killed Duvessa
  3532 | D:4      | Reached skill level 1 in Dodging
  3582 | D:4      | Noticed a steam dragon
  3611 | D:4      | Paralysed by Grinder for 3 turns
  3715 | D:4      | HP: 2/53 [something (7)]
  3716 | D:4      | Slain by Sigmund

Illustrated notes

Levels and vault maps discovered:
D:1:      reono_arrival_mine, layout_basic, minmay_pentomino_w4
D:2:      layout_loops_ring, shapermc_ecumenical_altar_petra, serial_shops,
          shop_fountains
D:3:      layout_basic, uniq_jessica
D:4:      layout_gridville, mainiacjoe_overflow_catwalk,
          minmay_temple_entry_enclosed_plants, grunt_ministairs_4,
          minmay_liquid_box, minmay_misc_feat_doors, uniq_sigmund, uniq_grinder,
          uniq_menkaure, uniq_duvessa

Skill      XL: |  1  2  3  4  5  6 |
---------------+-------------------+-----
Axes           | 3 4 5 |  5.8
Fighting       | 4 |  4.6
Armour         | 4 5 |  5.2
Dodging        | 1 |  1.0
Shields        | 4 |  4.0
Stealth        | |  0.2

Action                   |  1- 3 |  4- 6 || total
-------------------------+-------+-------++-------
Melee: War axe           |   106 |   121 ||   227
       Unarmed           |       |     4 ||     4
Evoke: Wand              |       |     1 ||     1
Armor: Scale mail        |    57 |    51 ||   108
       Plate armour      |       |    15 ||    15
       Ring mail         |       |     8 ||     8
Dodge: Dodged            |    60 |    61 ||   121
Block: Buckler           |    28 |    28 ||    56
